 Dungeon Crawl Stone Soup version 0.25-a0-346-g140ab784a8 (webtiles) character file.

Game seed: 15519417402879310322, levelgen mode: deterministic

461 BritishOli the Slasher (level 6, 0/48 HPs)
             Began as a Demonspawn Gladiator on Dec 31, 2019.
             Was a Follower of Okawaru.
             Succumbed to a worker ant's poison
             ... on level 5 of the Dungeon on Jan 1, 2020.
             The game lasted 00:04:09 (3075 turns).

BritishOli the Slasher (Demonspawn Gladiator)       Turns: 3075, Time: 00:04:10

Health: 0/48       AC:  6    Str: 16    XL:     6   Next: 79%
Magic:  6/6        EV: 13    Int: 10    God:    Okawaru [*.....]
Gold:   221        SH:  0    Dex: 14    Spells: 5/5 levels left

rFire    . . .     SeeInvis .   a - +0 long sword
rCold    . . .     Gourm    .   (no shield)
rNeg     . . .     Faith    .   b - +0 leather armour
rPois    .         Spirit   .   (helmet restricted)
rElec    .         Reflect  .   (no cloak)
rCorr    .         Harm     .   (no gloves)
MR       .....                  (no boots)
Stlth    +.........             (no amulet)
HPRegen  0.16/turn              (no ring)
MPRegen  0.10/turn              (no ring)

@: lethally poisoned (0 -> -1)
A: horns 1, yellow scales 2
a: Heroism, Renounce Religion


You were on level 5 of the Dungeon.
You worshipped Okawaru.
Okawaru was aware of your devotion.
You were very hungry.

You visited 1 branch of the dungeon, and saw 5 of its levels.

You collected 221 gold pieces.

Inventory:

Hand Weapons
 a - a +0 long sword (weapon)
Missiles
 d - 4 throwing nets (quivered)
 v - 4 boomerangs of dispersal
Armour
 b - a +0 leather armour (worn)
 c - a +0 helmet
 x - a +3 scale mail
Scrolls
 e - a scroll of fear {unknown}
 g - 3 scrolls of teleportation {unknown}
 h - a scroll of enchant armour {unknown}
 k - 3 scrolls of remove curse {unknown}
 l - 4 scrolls of identify {unknown}
 m - a scroll of fog {unknown}
 n - 2 scrolls of blinking {unknown}
 o - a scroll of amnesia {unknown}
 p - a scroll of immolation {unknown}
 w - a scroll of magic mapping {unknown}
Potions
 i - 2 potions of agility {unknown}
 j - a potion of ambrosia {unknown}
 q - a potion of magic {unknown}
 r - a potion of lignification {unknown}
 s - a potion of might {unknown}
 t - a potion of haste {unknown}
 u - a potion of degeneration {unknown}
Comestibles
 f - 9 rations


   Skills:
 + Level 4.1 Fighting
 * Level 5.0 Long Blades
 - Level 2.3 Throwing
 + Level 0.4 Armour
 - Level 4.1 Dodging


You had 5 spell levels left.
You didn't know any spells.
Your spell library was empty.

Dungeon Overview and Level Annotations

Branches:
Dungeon (5/15)
 Temple: D:4-7

Altars:
Dithmenos
Okawaru
Qazlal
Vehumet
Beogh

Annotations:
D:4 3 runed translucent doors, astraldaughter's ghost, amateur VSAM


Innate Abilities, Weirdness & Mutations

You have a pair of small horns on your head.
You are mostly covered in yellow scales. (AC +3)


Message History

You feel sick.
The crimson imp blinks!
The crimson imp spits at you. The crimson imp hits you.
* * * LOW HITPOINT WARNING * * *
You closely miss the crimson imp.
The crimson imp is moderately wounded.
* * * LOW HITPOINT WARNING * * *
You feel sick. The crimson imp barely misses you.
You riposte.
You barely miss the crimson imp. You headbutt the crimson imp.
The crimson imp is heavily wounded.
You hit the crimson imp.
The crimson imp is almost dead.
The crimson imp hits you.
* * * LOW HITPOINT WARNING * * *
You closely miss the crimson imp.
The crimson imp is severely wounded.
The crimson imp barely misses you.
You closely miss the crimson imp. You headbutt the crimson imp.
The crimson imp is almost dead.
You die...

.. ^## ..## #.. #.#
##### ###
##.###..)#...##
#####<..#.........#
##........@5...%..._
.##....#...#.........#
........#.###...#...##
........#.# ##### ###
..........#
......?...(.a..
.......#######.
###...# ##.#


You could see a crimson imp.

Vanquished Creatures
  Sigmund (D:3)
  A centaur skeleton (D:4)
  2 orc wizards (D:4)
  An orc priest (D:3)
  4 worker ants
  3 adders
  A worm (D:2)
  4 dart slugs
  2 leopard geckos (D:4)
  5 orcs
  4 bats
  A giant cockroach (D:3)
  9 goblins
  11 hobgoblins
  7 kobolds
  A quokka (D:3)
  2 frilled lizards
  A leopard gecko skeleton (D:4)
  4 rats
64 creatures vanquished.

Vanquished Creatures (others)
  A ball python (D:2)
1 creature vanquished.

Grand Total: 65 creatures vanquished

Notes
Turn   | Place    | Note
-------+----------+-------------------------------------------
     0 | D:1      | BritishOli the Demonspawn Gladiator began the quest for the
                  | Orb.
     0 | D:1      | Reached XP level 1. HP: 16/16 MP: 1/1
   206 | D:1      | Gained mutation: You are partially covered in yellow
                  | scales. (AC +2) [demonic ancestry]
   206 | D:1      | Reached XP level 2. HP: 21/22 MP: 2/2
   592 | D:1      | Reached skill level 3 in Long Blades
   769 | D:2      | Reached XP level 3. HP: 28/28 MP: 3/3
   853 | D:2      | Found an iron altar of Okawaru.
   881 | D:2      | Became a worshipper of Warmaster Okawaru
   916 | D:2      | Found a faded altar of an unknown god.
  1396 | D:3      | Found a radiant altar of Vehumet.
  1412 | D:3      | Gained mutation: You are mostly covered in yellow scales.
                  | (AC +3) [demonic ancestry]
  1412 | D:3      | Reached XP level 4. HP: 19/34 MP: 4/4
  1690 | D:3      | Noticed Sigmund
  1717 | D:3      | Killed Sigmund
  1717 | D:3      | Reached * piety under Okawaru
  1717 | D:3      | Reached skill level 4 in Long Blades
  1717 | D:3      | Gained mutation: You have a pair of small horns on your
                  | head. [demonic ancestry]
  1717 | D:3      | Reached XP level 5. HP: 5/41 MP: 5/5
  2177 | D:4      | Reached XP level 6. HP: 30/48 MP: 6/6
  2600 | D:4      | Found a shadowy altar of Dithmenos.
  2747 | D:4      | Found a runed translucent gate.
  2747 | D:4      | Found a runed translucent gate.
  2747 | D:4      | Found a runed translucent gate.
  2748 | D:4      | Noticed astraldaughter's ghost (amateur VSAM)
  2749 | D:4      | Found a roughly hewn altar of Beogh.
  3022 | D:5      | Entered Level 5 of the Dungeon
  3054 | D:5      | Reached skill level 5 in Long Blades
  3064 | D:5      | Found a stormy altar of Qazlal.
  3072 | D:5      | HP: 2/48 [poisoned by a worker ant]
  3075 | D:5      | Succumbed to a worker ant's poison

Levels and vault maps discovered:
D:1:      tarquinn_simple_flora_water_a, layout_basic
D:2:      layout_rooms, old_standard_altar,
          chequers_ecumenical_altar_simple_redux
D:3:      layout_basic, vehumet_crystals, first_ration, serial_park_tiny_1,
          uniq_sigmund
D:4:      layout_loops_cross, kennysheep_mini_moat, biasface_ghost_orc_armoury,
          grunt_ministairs_14
D:5:      layout_loops_ring, marbit_many_paths, gup_sewer_entry_bubbles

Skill      XL: |  1  2  3  4  5  6 |
---------------+-------------------+-----
Throwing       | 2 |  2.3
Long Blades    | 3 4 5 |  5.0
Dodging        | 3 4 |  4.1
Fighting       | 3 4 |  4.1
Armour         | |  0.4

Action                   |  1- 3 |  4- 6 || total
-------------------------+-------+-------++-------
Melee: Long sword        |   132 |   111 ||   243
       Headbutt          |       |    18 ||    18
  Eat: Chunk             |     2 |     4 ||     6
Armor: Leather armour    |    36 |    28 ||    64
Dodge: Dodged            |    95 |    81 ||   176
       Rpst.: Long sword |    32 |    28 ||    60

Table legend:
 A = Non-vault XP
 B = Vault XP
 C = Vault XP percentage of total XP
 D = Non-vault monster count
 E = Vault monster count
 F = Vault count percentage of total count
                 A         B        C        D         E       F
            +---------+---------+-------+---------+---------+-------
      Total |     363 |     296 |  44.9 |      58 |       6 |   9.4
            +---------+---------+-------+---------+---------+-------
        D:1 |      38 |       0 |   0.0 |      19 |       0 |   0.0
        D:2 |      37 |       0 |   0.0 |      12 |       0 |   0.0
        D:3 |      73 |     205 |  73.7 |      17 |       1 |   5.6
        D:4 |     147 |      91 |  38.2 |       8 |       5 |  38.5
        D:5 |      68 |       0 |   0.0 |       2 |       0 |   0.0
            +---------+---------+-------+---------+---------+-------
